 Dungeon Crawl Stone Soup version 0.13.2 (webtiles) character file.

196 shmeve the Chopper (level 4, 36/40 HPs)
             Began as a Minotaur Berserker on Sept 10, 2018.
             Was a Believer of Trog.
             Quit the game on Level 2 of the Dungeon.
             The game lasted 00:03:54 (2097 turns).

shmeve the Chopper (Minotaur Berserker)             Turns: 2097, Time: 00:03:54

HP  36/40        AC  3     Str 23      XL: 4   Next: 36%
MP   1/1         EV 12     Int  4      God: Trog [**....]
Gold 103         SH  0     Dex  9      Spells:  0 memorised,  3 levels left

Res.Fire  : . . .   See Invis. : .   a - +0 hand axe {=f}
Res.Cold  : . . .   Warding    : .   b - +0 animal skin
Life Prot.: . . .   Conserve   : .   (no shield)
Res.Poison: .       Res.Corr.  : .   (helmet restricted)
Res.Elec. : .       Clarity    : .   n - +0 cloak {MR+}
Sust.Abil.: . .     Spirit.Shd : .   (no gloves)
Res.Mut.  : .       Stasis     : .   (no boots)
Res.Rott. : .       Flight     : .   (no amulet)
Saprovore : . . .                    (no ring)
                                     (no ring)

@: exhausted, slowed, very slow, somewhat resistant to hostile enchantments,
very unstealthy
A: retaliatory headbutt, horns 2
a: Burn Spellbooks, Berserk, Trog's Hand, Renounce Religion


You were on level 2 of the Dungeon.
You worshipped Trog.
Trog was pleased with you.
You were near starving.

You visited 1 branch of the dungeon, and saw 2 of its levels.

You collected 83 gold pieces.

Inventory:

Hand weapons
 a - a +0,+0 hand axe (weapon) {=f}
Armour
 b - a +0 animal skin (worn)
 n - a +0 cloak of magic resistance (worn)
Comestibles
 c - 3 bread rations
Scrolls
 f - 2 scrolls of identify {unknown}
 g - a scroll of teleportation {unknown}
 h - a scroll of fear {unknown}
 j - 3 scrolls of remove curse {unknown}
 m - a scroll of curse armour {unknown}
Potions
 d - a potion of cure mutation {unknown}
 e - 5 potions of curing {unknown}
 i - a potion of slowing {unknown}
 k - a potion of brilliance {unknown}
 l - a potion of resistance {unknown}


   Skills:
 * Level 4.3 Fighting
 * Level 4.5 Axes
 + Level 1.4 Throwing
 + Level 3.3 Armour
 + Level 2.6 Dodging


You had 3 spell levels left.
You didn't know any spells.

Dungeon Overview and Level Annotations

Branches:
Dungeon (2/27)

Altars:
Xom


Innate Abilities, Weirdness & Mutations

You reflexively headbutt those who attack you in melee.
You have a pair of horns on your head.


Message History

a quarterstaff of chaos; a runed cloak There isn't anything to butcher here.
There are several objects here.
Pick up a quarterstaff of chaos? ((y)es/(n)o/(a)ll/(m)enu/*?g,/q) Pick up a runed cloak? ((y)es/(n)o/(a)ll/(m)enu/*?g,/q)
n - a runed cloak You feel a strong urge to attack something.
You feel your anger subside.
You are no longer berserk.
You are exhausted.
You feel yourself slow down.
You are near starving!
Wear which item? (? for menu, Esc to quit)
You start putting on your armour.
You continue putting on your runed cloak.
You finish putting on your +0 cloak of magic resistance.
You feel resistant to hostile enchantments.
Eat which item? (? for menu, Esc to quit)
Okay, then.
Are you sure you want to abandon this character and quit the game? (Confirm with "yes".)

######### ###.#
#.... #.#.# ####
###.#.# ######
#..# #.....#
.....# #.##
########..###
####.# #.#
########.#.f..#..#
#.# #.#
#...##..#.f......#
#.# #.#
#..@).####.......#
#.# #.# #)..###
##......#
####.####.## #####
#####..#
.......>...# #...#
############ ###.#
#...# #####


There were no monsters in sight!

Vanquished Creatures
  Crazy Yiuf (D:2)
  3 adders (D:2)
  2 giant geckos (D:2)
  A giant cockroach (D:1)
  3 goblins
  4 hobgoblins
  7 kobolds
  4 bats
  3 giant newts
  10 rats
38 creatures vanquished.

Vanquished Creatures (others)
  A kobold (D:2)
  A rat (D:2)
2 creatures vanquished.

Grand Total: 40 creatures vanquished

Notes
Turn   | Place    | Note
--------------------------------------------------------------
     0 | D:1      | shmeve, the Minotaur Berserker, began the quest for the Orb.
     0 | D:1      | Reached XP level 1. HP: 19/19 MP: 0/0
   381 | D:1      | Reached XP level 2. HP: 20/26 MP: 0/0
   915 | D:1      | Reached skill level 4 in Axes
  1052 | D:2      | Found a shimmering altar of Xom.
  1296 | D:2      | Reached skill level 1 in Throwing
  1420 | D:2      | Reached XP level 3. HP: 16/33 MP: 1/1
  1878 | D:2      | Acquired Trog's second power
  2081 | D:2      | Noticed Crazy Yiuf
  2087 | D:2      | Killed Crazy Yiuf
  2087 | D:2      | Reached XP level 4. HP: 40/40 MP: 1/1
  2097 | D:2      | Quit the game

Action                   |  1- 3 |  4- 6 || total
-------------------------+-------+-------++-------
Melee: Hand axe          |    89 |       ||    89
Invok: Berserk           |     1 |       ||     1
